Map: Tropic Shores

Players

saskrr

  • Race: Zerg Zerg
  • Spawn Location: 5:00

wrapcherry

  • Race: Zerg Zerg
  • Spawn Location: 6:00

ivasty

  • Race: Zerg Zerg
  • Spawn Location: 5:00

LtGhost

  • Race: Terran Terran
  • Spawn Location: 6:00

Infamous - Winner!

  • Race: Protoss Protoss
  • League: Gold
  • Spawn Location: 0:00

tpain - Winner!

  • Race: Zerg Zerg
  • League: Bronze
  • Spawn Location: 12:00

Alice - Winner!

  • Race: Terran Terran
  • Spawn Location: 12:00

BenIce - Winner!

  • Race: Protoss Protoss
  • Spawn Location: 11:00

VOD

Have the link to the VOD?

Description

Time

  • Played on: April 21, 2018, 1:16 p.m.
  • Length: 14:44
Show
View Real Time Build Order
Export as new Build Order

saskrr Zerg 

Build Orders: Hatch First 

Get SALT Encoding   

  12  0:03  Drone  
  13  0:14  Overlord  
  13  0:44  Hatchery  
  12  0:51  Extractor  
  11  1:02  Spawning Pool  
  10  1:05  Drone  
  10  1:10  Drone  
  12  1:22  Drone x2  
  14  1:40  Drone x2  
  14  1:46  Extractor  
  15  1:57  Queen  
  15  1:58  Drone  
  18  2:01  Drone  
  18  2:04  Drone  
  20  2:19  Lair  
  20  2:24  Drone  
  21  2:51  Hatchery  
  21  2:55  Drone x2  
  22  3:00  Drone  
  23  3:22  Infestation Pit  
  22  3:31  Drone, Spire  
  22  3:32  Drone  
  23  3:50  Drone x2  
  23  3:54  Queen  
  27  3:56  Drone  
  28  4:09  Extractor  
  27  4:10  Drone x3  
  30  4:22  Hive  
  30  4:34  Overlord  
  30  4:50  Hatchery  
  29  4:52  Queen  
  31  5:06  Metabolic Boost  
  31  5:12  Drone x4  
  31  5:13  Drone  
  36  5:33  Extractor  
  35  5:40  Drone x3  
  35  5:41  Drone  
  39  5:44  Greater Spire  
  39  5:51  Queen  
  41  6:12  Drone x2  
  41  6:13  Drone x4  
  41  6:14  Drone  
  41  6:17  Overlord  
  48  6:18  Overlord  
  48  6:25  Adrenal Glands  
  48  6:36  Mutalisk x4  
  56  6:41  Mutalisk  
  58  6:55  Corruptor x2  
  62  7:01  Drone  
  62  7:02  Drone  
  64  7:23  Overlord x5  
  64  7:24  Overlord  
  64  7:32  Zerg Flyer Weapons Level 1  
  64  7:39  Overlord x2  
  64  7:40  Overlord  
  64  7:51  Brood Lord x2  
  68  7:54  Mutalisk x2  
  73  7:58  Zergling x2  
  73  7:59  Zergling x2  
  74  8:09  Pneumatized Carapace  
  74  8:25  Corruptor x2  
  74  8:26  Corruptor  
  80  8:42  Zergling x8  
  80  8:43  Zergling x2  
  85  8:52  Mutalisk x3  
  85  8:53  Corruptor  
  93  9:13  Overseer  
  93  9:26  Drone x2  
  93  9:27  Drone x6, Zerg Flyer Armor Level 1  
  93  9:28  Drone x4  
  105  9:44  Zergling x6  
  105  9:45  Zergling x8  
  112  9:58  Hatchery  
  111  10:01  Hatchery  
  110  10:11  Brood Lord  
  112  10:14  Brood Lord  
  112  10:18  Mutalisk  
  116  10:22  Overseer  
  116  10:33  Extractor  
  115  10:38  Extractor  
  114  10:46  Hatchery  
  113  10:55  Mutalisk x3  
  113  10:56  Mutalisk  
  121  11:22  Mutalisk x3  
  127  11:26  Zergling x10  
  127  11:27  Zergling x10  
  127  11:28  Zergling x2  
  138  11:38  Queen x2  
  95  12:05  Mutalisk x6  
  95  12:06  Mutalisk x3  
  61  12:53  Zergling x4  
  61  12:54  Zergling x12  
  61  12:55  Zergling x2  
  61  12:58  Brood Lord  
  72  13:02  Mutalisk x3  
  78  13:11  Zergling x6  
  75  13:36  Corruptor x6  
Show
View Real Time Build Order
Export as new Build Order

wrapcherry Zerg 

Build Orders: Pool First 

Get SALT Encoding   

  12  0:22  Spawning Pool  
  12  0:35  Drone x2  
  12  0:36  Drone  
  12  0:42  Extractor  
  13  0:50  Overlord  
  13  1:08  Drone  
  14  1:12  Zergling x2  
  15  1:21  Zergling x2  
  16  1:29  Queen  
  18  1:33  Zergling x2  
  19  1:45  Metabolic Boost  
  19  1:55  Spine Crawler  
  19  1:56  Drone x2  
  20  2:12  Zergling x2  
  21  2:19  Zergling x2  
  22  2:28  Spore Crawler  
  21  2:31  Drone  
  21  2:33  Lair  
  22  2:47  Overlord  
  18  4:22  Spire  
  17  4:27  Drone  
  17  4:28  Drone x2  
  20  4:33  Extractor  
  19  4:50  Drone x2  
  21  5:06  Drone x2  
  24  5:07  Drone, Hatchery  
  23  5:17  Spore Crawler  
  22  5:22  Overseer  
  22  5:42  Mutalisk x3  
  22  5:43  Mutalisk  
  30  6:02  Overlord x2  
  30  6:05  Zerg Flyer Weapons Level 1  
  30  6:34  Mutalisk  
  30  6:38  Mutalisk  
  34  7:06  Mutalisk  
  34  7:17  Queen  
  30  7:29  Drone x3  
  28  7:54  Extractor  
  28  7:57  Drone x3  
  28  7:58  Extractor  
  29  8:18  Drone x2  
  29  8:19  Drone  
  32  8:32  Drone x3  
  35  8:34  Queen  
  38  8:55  Drone  
  38  8:56  Drone x3  
  38  9:00  Zerg Flyer Armor Level 1  
  41  9:09  Drone x3  
  44  9:17  Drone x2  
  46  9:26  Overlord  
  46  9:42  Mutalisk x3  
  52  9:48  Drone  
  52  9:49  Drone  
  52  9:51  Overseer  
  54  9:56  Drone x3  
  57  10:30  Mutalisk  
  57  10:32  Overlord  
  57  10:33  Overlord x2  
  59  10:40  Drone  
  60  11:14  Mutalisk x3  
  60  11:15  Mutalisk x3  
  72  11:45  Mutalisk x4  
  72  11:46  Mutalisk x2  
  84  11:50  Overlord x2  
  84  11:53  Zerg Flyer Weapons Level 2  
Show
View Real Time Build Order
Export as new Build Order

ivasty Zerg 

Build Orders: Pool First, Lurkers 

Get SALT Encoding   

  12  0:37  Drone  
  12  0:38  Drone  
  14  0:57  Drone, Spawning Pool, Overlord  
  14  1:04  Extractor, Overlord  
  13  1:35  Drone x2  
  13  1:36  Drone  
  13  1:38  Hatchery  
  15  1:46  Queen  
  17  1:52  Zergling x2  
  18  2:04  Spore Crawler  
  18  2:05  Zergling x2  
  18  2:33  Drone x3  
  21  2:46  Lair  
  21  2:50  Zergling x2  
  22  2:58  Drone  
  22  2:59  Drone x3  
  26  3:13  Drone x2  
  26  3:14  Drone  
  29  3:24  Extractor  
  29  3:26  Drone x2  
  30  3:31  Zergling x6  
  33  3:37  Spine Crawler  
  32  3:43  Spore Crawler  
  31  3:52  Drone x2  
  31  3:55  Queen  
  33  3:56  Drone  
  33  3:57  Overlord  
  36  4:08  Overseer  
  36  4:13  Hydralisk Den  
  36  4:15  Drone x3  
  36  4:16  Drone  
  39  4:22  Overlord  
  39  4:34  Spore Crawler  
  39  4:38  Spore Crawler  
  37  4:39  Queen  
  37  4:40  Drone x3  
  37  4:42  Overseer  
  42  4:50  Spore Crawler  
  41  5:15  Zergling x8  
  41  5:16  Zergling x2  
  46  5:22  Lurker Den  
  45  5:29  Drone x2  
  45  5:30  Drone x3  
  45  5:34  Extractor  
  49  5:37  Extractor  
  49  5:38  Overseer  
  48  5:46  Zergling x8  
  52  5:56  Overlord  
  52  6:11  Pneumatized Carapace  
  52  6:15  Overlord x2  
  52  6:21  Evolution Chamber  
  51  6:31  Spore Crawler  
  46  6:34  Spore Crawler  
  46  6:35  Hydralisk x4  
  46  6:36  Spore Crawler  
  46  6:38  Hydralisk x2  
  53  6:48  Spore Crawler  
  53  6:49  Hydralisk  
  53  6:50  Hydralisk  
  53  6:51  Spore Crawler  
  55  7:03  Spore Crawler  
  52  7:25  Drone x2  
  52  7:26  Drone  
  45  7:52  Spore Crawler  
  45  7:53  Spore Crawler  
  45  7:56  Spore Crawler  
  42  8:14  Drone x2  
  42  8:15  Drone  
  45  8:26  Drone x2  
  34  8:57  Metabolic Boost  
  32  9:03  Drone x3  
  32  9:07  Drone x3  
  32  9:09  Queen  
  40  9:28  Lurker x2  
  42  9:36  Drone x3  
  45  9:40  Drone x3  
  48  9:58  Queen  
  48  9:59  Drone x2  
  52  10:05  Overlord x2  
  52  10:16  Overlord  
  52  10:29  Drone x2  
  55  10:35  Drone x3  
  55  10:41  Drone x3  
  60  10:44  Overseer  
  60  10:48  Lurker x2  
  62  11:17  Lurker x3  
  65  11:24  Overseer  
  65  11:28  Drone, Queen  
  65  11:29  Drone x4  
  72  12:01  Hydralisk x2  
  72  12:02  Spine Crawler  
  72  12:03  Spine Crawler  
  72  12:04  Overlord x2, Spine Crawler  
  73  12:27  Spore Crawler  
  73  12:28  Spore Crawler  
  73  12:29  Spore Crawler  
  70  12:33  Hydralisk x3  
  76  12:53  Zergling x6  
  76  12:57  Zergling x10  
  78  13:13  Overlord, Zergling x2  
  78  13:14  Zergling x6  
  69  13:35  Hydralisk x3  
  69  13:36  Hydralisk x4  
  79  13:43  Lurker x5  
  79  13:48  Overseer  
  84  13:56  Hydralisk x3  
  84  13:57  Hydralisk  
  92  14:08  Overlord x2  
Show
View Real Time Build Order
Export as new Build Order

LtGhost Terran 

Build Orders:  

Get SALT Encoding   

  12  0:01  SCV  
  13  0:15  Supply Depot  
  13  0:39  Barracks  
  13  0:40  SCV  
  14  0:43  Refinery  
  14  0:52  SCV  
  15  1:05  SCV  
  16  1:17  SCV  
  17  1:29  SCV  
  17  1:31  Barracks  
  17  1:32  Marine  
  18  1:38  Refinery  
  19  1:41  Orbital Command  
  19  1:50  Marine  
  20  2:08  SCV  
  21  2:15  Factory  
  21  2:19  Barracks Reactor  
  21  2:20  SCV  
  22  2:31  Marine  
  22  2:34  Supply Depot  
  23  2:55  Marine, SCV  
  23  2:56  Marine x2  
  23  2:57  Supply Depot  
  27  3:02  Factory Tech Lab  
  27  3:06  Starport  
  27  3:08  SCV  
  28  3:13  Marine  
  29  3:20  SCV  
  30  3:28  Marine x2  
  30  3:31  Marine  
  30  3:32  SCV  
  34  3:44  SCV  
  35  3:52  Command Center  
  35  3:59  Raven  
  34  4:13  Marine x2  
  34  4:14  Marine  
  37  4:24  Supply Depot  
  37  4:28  Corvid Reactor  
  37  4:45  Raven  
  37  4:47  Engineering Bay  
  37  4:51  Starport  
  39  4:54  Marine  
  40  5:08  Orbital Command  
  40  5:17  Missile Turret  
  40  5:27  Starport Tech Lab  
  40  5:31  Starport  
  40  5:38  SCV  
  41  5:45  Supply Depot  
  41  5:50  SCV  
  41  5:51  Banshee  
  41  5:52  Banshee  
  41  5:54  Marine x2  
  50  5:57  Barracks Tech Lab  
  50  6:02  SCV  
  51  6:15  SCV  
  52  6:27  SCV  
  53  7:17  Viking  
  53  7:18  Starport Tech Lab  
  53  7:22  Starport  
  55  7:26  Refinery  
  55  7:29  Refinery  
  55  7:31  SCV  
  56  7:41  Missile Turret  
  56  7:43  SCV  
  57  7:54  Banshee, Viking x2  
  57  7:55  SCV  
  65  8:08  SCV  
  66  8:20  SCV  
  67  8:31  Starport Tech Lab  
  67  8:34  Banshee  
  67  8:40  Supply Depot  
  70  8:54  Banshee  
  73  9:03  SCV  
  73  9:04  Supply Depot  
  73  9:07  Viking  
  73  9:08  Viking  
  78  9:14  Starport  
  78  9:15  SCV  
  79  9:17  Marine x2  
  79  9:19  Marauder  
  83  9:27  SCV, Viking  
  86  9:39  SCV  
  87  9:51  SCV  
  87  9:52  Starport  
  88  9:59  Banshee  
  91  10:00  Banshee x2  
  91  10:01  Starport Reactor  
  91  10:03  Viking  
  95  10:10  Supply Depot  
  95  10:13  Marine x2  
  95  10:14  Marauder  
  99  10:32  Supply Depot  
  99  10:33  Starport Tech Lab  
  99  10:35  Starport  
  99  10:41  Viking x2  
  103  10:43  Viking  
  103  10:45  Banshee  
  103  10:47  Banshee x2  
  114  10:52  Banshee  
  114  10:53  Cloaking Field  
  114  10:55  Supply Depot  
  117  11:13  Banshee  
  117  11:14  Viking  
  117  11:15  Viking  
  124  11:48  Banshee  
  124  11:49  Banshee  
  124  11:50  Banshee  
  133  11:55  Supply Depot  
  133  12:17  Supply Depot, Viking x2  
  90  12:41  Banshee  
  90  12:42  Banshee x2  
  90  12:43  Banshee  
  96  12:47  Viking x2  
  96  12:48  Starport Tech Lab  
  100  12:57  Armory  
  94  13:40  Banshee  
  94  13:41  Banshee  
  97  13:42  Banshee  
  97  13:43  Banshee  
  97  13:44  Banshee, Viking x2  
Show
View Real Time Build Order
Export as new Build Order

Infamous Protoss - Winner!

Build Orders:  

Get SALT Encoding   

  12  0:01  Probe  
  13  0:15  Probe  
  14  0:26  Pylon  
  14  0:29  Probe  
  15  0:45  Probe  
  15  0:46  Gateway  
  16  0:53  Probe  
  16  1:03  Gateway  
  17  1:09  Pylon  
  17  1:12  Assimilator  
  17  1:15  Probe  
  18  1:35  Gateway  
  18  1:38  Cybernetics Core  
  18  1:40  Zealot  
  20  1:48  Probe  
  20  1:52  Assimilator  
  21  1:56  Probe  
  22  2:15  Stalker  
  22  2:17  Stalker  
  25  2:22  Probe  
  27  2:33  Warp Gate  
  27  2:35  Probe  
  28  2:44  Pylon  
  28  2:47  Probe  
  28  2:48  Pylon  
  29  2:52  Sentry  
  31  3:03  Probe  
  32  3:10  Stalker  
  34  3:28  Nexus  
  34  3:31  Probe  
  35  3:58  Probe  
  36  4:06  Robotics Facility  
  36  4:20  Probe  
  37  4:28  Twilight Council  
  37  4:36  Probe  
  37  4:39  Probe  
  39  4:52  Probe  
  40  4:54  Stalker x2  
  40  4:55  Stalker  
  46  5:08  Probe  
  47  5:14  Probe  
  48  5:22  Warp Prism  
  50  5:30  Zealot x3  
  56  5:42  Probe x2  
  58  5:44  Pylon, Assimilator  
  58  5:48  Assimilator  
  58  5:52  Pylon, Sentry  
  58  5:53  Sentry  
  62  6:06  Immortal  
  62  6:13  Probe x2  
  69  6:25  Probe  
  69  6:36  Gateway  
  69  6:38  Gateway  
  69  6:39  Gateway, Stalker x2  
  73  6:40  Stalker  
  73  6:43  Gateway  
  75  7:04  Stalker  
  75  7:05  Stalker  
  75  7:22  Stalker  
  75  7:25  Zealot x2  
  75  7:28  Probe  
  75  7:29  Zealot  
  78  7:31  Probe  
  77  7:44  Probe  
  78  7:52  Templar Archives  
  78  7:55  Forge  
  78  7:56  Forge  
  78  7:58  Pylon  
  78  8:00  Pylon  
  78  8:03  Pylon  
  78  8:16  Probe x2, Immortal  
  78  8:19  Zealot x2  
  88  8:20  Zealot x3  
  88  8:21  Zealot  
  96  8:28  Probe  
  97  8:52  Protoss Ground Weapons Level 1, Protoss Ground Armor Level 1  
  97  8:57  Probe x2  
  99  9:04  Stalker, Psionic Storm  
  101  9:35  Gateway  
  101  9:37  Gateway  
  101  9:54  Pylon  
  101  10:00  Pylon  
  101  10:04  Pylon  
  101  10:06  Pylon  
  101  10:12  Immortal  
  101  10:14  High Templar x2  
  107  10:18  High Templar x4  
  117  10:22  High Templar  
  117  10:36  Archon x3  
  117  10:38  Protoss Ground Armor Level 2, Protoss Ground Weapons Level 2  
  117  10:53  Pylon  
  117  10:54  Pylon  
  117  10:56  Pylon  
  117  11:19  Observer  
  118  11:33  Observer  
  119  11:47  Shield Battery  
  119  11:49  Photon Cannon  
  119  11:51  Photon Cannon  
  119  11:59  High Templar x4  
  119  12:00  High Templar  
  129  12:07  Photon Cannon  
  129  12:10  Photon Cannon  
  129  12:11  Photon Cannon  
  129  12:15  Shield Battery  
  97  12:38  Stalker x3  
  97  12:39  Stalker x3  
  70  13:36  Immortal  
  70  13:40  Stalker x3  
  70  13:41  Stalker x3  
  72  13:42  Stalker x2  
  82  14:09  Robotics Facility  
  82  14:14  Zealot x5  
  82  14:15  Zealot x4  
Show
View Real Time Build Order
Export as new Build Order

tpain Zerg - Winner!

Build Orders: Pool First 

Get SALT Encoding   

  12  0:07  Drone  
  12  0:09  Drone  
  14  0:18  Overlord  
  14  0:40  Spawning Pool  
  13  0:45  Drone x2  
  13  0:47  Drone  
  16  0:57  Drone  
  17  1:08  Evolution Chamber  
  16  1:12  Extractor  
  16  1:13  Drone  
  17  1:25  Drone  
  17  1:33  Queen  
  17  1:35  Drone  
  20  1:56  Drone  
  20  1:57  Drone  
  22  2:07  Extractor  
  21  2:11  Hatchery  
  21  2:12  Lair  
  20  2:23  Spine Crawler  
  20  2:29  Spine Crawler  
  18  2:35  Drone  
  18  2:36  Drone  
  20  2:46  Spore Crawler  
  19  2:57  Drone  
  19  2:58  Overlord  
  20  3:03  Drone  
  21  3:19  Spore Crawler  
  20  3:26  Spine Crawler  
  19  3:35  Zergling x4  
  19  3:36  Zergling x2  
  22  3:51  Zergling x2  
  23  4:27  Drone x2  
  23  4:28  Drone  
  23  4:29  Hydralisk Den  
  25  4:33  Drone x2  
  25  4:34  Overlord  
  27  4:43  Metabolic Boost  
  27  5:12  Drone x2  
  27  5:13  Drone  
  30  5:19  Spore Crawler  
  29  5:23  Spine Crawler  
  29  5:27  Overlord  
  29  5:28  Hydralisk x2  
  30  5:31  Zergling x2  
  33  5:59  Drone, Hydralisk  
  33  6:02  Spine Crawler  
  35  6:17  Queen  
  35  6:18  Infestation Pit  
  36  6:21  Hydralisk  
  36  6:22  Hydralisk  
  40  6:34  Drone  
  40  6:35  Drone  
  40  6:36  Drone  
  43  6:41  Spine Crawler  
  43  6:45  Spore Crawler  
  41  6:54  Grooved Spines  
  41  7:14  Hive  
  41  7:20  Zerg Melee Weapons Level 1  
  41  7:31  Drone  
  41  7:32  Drone  
  41  7:35  Drone  
  44  7:54  Hydralisk  
  44  7:57  Hydralisk  
  48  8:04  Drone  
  48  8:05  Drone  
  50  8:06  Muscular Augments  
  50  8:15  Hydralisk  
  50  8:19  Overlord  
  48  9:06  Hydralisk x2  
  48  9:07  Hydralisk  
  54  9:15  Zerg Missile Weapons Level 1  
  54  9:25  Hydralisk x2  
  54  9:26  Hydralisk  
  60  9:32  Adrenal Glands  
  60  9:46  Overlord x2  
  55  10:02  Spore Crawler  
  54  10:12  Hydralisk  
  54  10:13  Hydralisk x2  
  60  10:25  Hydralisk  
  60  10:26  Hydralisk  
  60  10:27  Hydralisk  
  66  10:35  Hydralisk  
  68  10:48  Hydralisk x2  
  68  10:49  Hydralisk  
  74  10:50  Hydralisk  
  76  10:59  Overlord x2  
  76  11:09  Zerg Ground Armor Level 1  
  77  11:18  Zergling x4  
  77  11:24  Zergling x6  
  81  11:32  Hydralisk  
  81  11:33  Hydralisk x2  
  81  11:34  Hydralisk  
  83  12:28  Hydralisk x2  
  83  12:29  Hydralisk x2  
  91  12:36  Overlord x3  
  89  12:59  Hydralisk x2  
  93  13:14  Zergling x6  
  96  13:56  Hydralisk x4  
  96  13:57  Hydralisk  
  96  13:59  Hydralisk  
  108  14:07  Overlord  
  108  14:09  Zergling x4  
Show
View Real Time Build Order
Export as new Build Order

Alice Terran - Winner!

Build Orders:  

Get SALT Encoding   

  12  0:01  SCV  
  13  0:13  SCV  
  14  0:21  Supply Depot  
  14  0:25  SCV  
  15  0:44  Refinery  
  15  0:46  Refinery  
  15  0:52  Barracks  
  15  0:56  SCV  
  16  1:08  SCV  
  17  1:20  SCV  
  18  1:32  SCV  
  19  1:44  Factory  
  20  1:52  SCV  
  20  2:12  Command Center, SCV  
  21  2:25  SCV  
  22  2:35  Armory  
  23  2:37  SCV  
  23  2:59  Orbital Command  
  23  3:23  Supply Depot  
  23  3:26  Command Center  
  23  3:31  SCV  
  24  3:36  SCV  
  25  4:16  SCV  
  26  4:19  SCV  
  27  4:28  SCV  
  27  4:30  Armory  
  28  4:33  SCV  
  29  4:39  Refinery  
  29  4:40  SCV  
  29  4:43  Refinery  
  29  4:45  SCV x2  
  31  4:49  Refinery  
  31  4:52  SCV  
  33  4:57  SCV x2  
  35  5:04  SCV  
  36  5:09  SCV  
  36  5:10  SCV  
  38  5:16  SCV  
  38  5:19  Terran Ship Weapons Level 1  
  39  5:21  SCV  
  39  5:22  SCV  
  39  5:24  Supply Depot  
  41  5:28  SCV  
  41  5:33  SCV  
  41  5:34  SCV  
  44  5:41  SCV  
  45  5:45  SCV  
  45  5:46  SCV  
  47  5:52  Refinery  
  47  5:53  SCV  
  48  5:57  SCV  
  48  5:58  SCV  
  50  6:05  SCV  
  50  6:08  Supply Depot  
  50  6:10  SCV x2  
  53  6:17  SCV  
  54  6:22  SCV  
  56  6:29  SCV  
  56  6:32  Engineering Bay  
  56  6:34  SCV  
  57  6:41  SCV  
  57  6:46  SCV  
  56  7:07  Supply Depot  
  56  7:10  Supply Depot  
  56  7:13  Supply Depot  
  56  7:15  Supply Depot  
  56  7:19  Starport  
  56  7:22  Starport  
  56  7:26  Starport  
  56  7:38  Supply Depot  
  56  7:43  Supply Depot  
  56  7:45  Supply Depot  
  56  7:50  Starport  
  56  7:56  Terran Ship Weapons Level 2  
  56  7:59  Starport Reactor  
  56  8:01  Starport Reactor  
  56  8:03  Starport Reactor  
  56  8:10  Starport  
  56  8:34  Orbital Command  
  56  8:37  Starport Reactor  
  56  8:40  Viking x2  
  60  8:41  Viking x2  
  60  8:43  Viking  
  60  8:44  Viking  
  68  8:48  Starport Reactor  
  68  9:16  Viking x2  
  72  9:17  Viking x2  
  72  9:19  Viking x2  
  72  9:21  Viking x2  
  84  9:26  Viking x2  
  88  9:56  Viking  
  90  10:00  Viking x2  
  90  10:01  Viking  
  90  10:02  Viking  
  90  10:03  Viking x2  
  90  10:05  Viking x2  
  106  10:07  Viking  
  108  10:24  SCV  
  109  10:29  Command Center  
  109  10:36  SCV  
  110  10:48  Orbital Command  
  110  11:01  Viking x2  
  110  11:02  Viking x2  
  110  11:03  Viking x2  
  122  11:07  Terran Ship Weapons Level 3  
  122  11:09  Viking x2  
  122  11:11  Viking x2  
  130  11:24  Refinery  
  130  11:39  Refinery  
  130  11:46  Orbital Command  
  130  11:54  Viking x2  
  130  11:55  Viking x2  
  130  11:56  Viking x2  
  130  11:59  Viking x2  
  146  12:01  Viking x2  
  148  13:01  Viking x2  
  148  13:02  Viking x2  
  148  13:04  Viking x2  
  160  13:05  Viking x2  
  160  13:07  Viking x2  
  129  14:10  SCV  
  130  14:22  SCV  
Show
View Real Time Build Order
Export as new Build Order

BenIce Protoss - Winner!

Build Orders:  

Get SALT Encoding   

  12  0:00  Probe  
  13  0:08  Probe  
  14  0:17  Probe  
  15  0:31  Pylon  
  15  0:46  Assimilator  
  15  0:54  Gateway  
  15  1:00  Probe  
  16  1:10  Probe  
  16  1:15  Assimilator  
  16  1:18  Probe  
  18  1:26  Probe  
  19  1:44  Cybernetics Core  
  19  1:46  Probe  
  20  1:52  Pylon  
  20  1:58  Probe  
  21  2:06  Probe  
  21  2:14  Probe  
  23  2:32  Stargate  
  23  2:38  Stargate  
  23  2:44  Probe  
  24  2:56  Probe  
  25  3:06  Pylon  
  25  3:08  Probe  
  25  3:09  Void Ray  
  30  3:32  Void Ray  
  34  3:48  Forge  
  34  4:00  Void Ray  
  38  4:32  Pylon  
  38  4:50  Void Ray  
  42  4:59  Void Ray  
  46  5:09  Photon Cannon  
  46  5:14  Photon Cannon  
  46  5:20  Protoss Shields Level 1  
  46  5:59  Nexus  
  46  6:06  Pylon  
  37  8:08  Void Ray x2  
  45  8:13  Protoss Air Weapons Level 1  
  45  8:16  Photon Cannon  
  45  8:19  Stargate  
  45  8:25  Pylon  
  45  8:29  Photon Cannon  
  45  8:32  Photon Cannon  
  45  8:39  Nexus  
  45  8:45  Photon Cannon  
  45  8:49  Photon Cannon  
  45  8:53  Photon Cannon  
  45  9:06  Void Ray  
  49  9:12  Assimilator  
  49  9:18  Pylon  
  49  9:38  Photon Cannon  
  49  9:41  Photon Cannon  
  49  9:44  Photon Cannon  
  49  9:57  Void Ray  
  53  10:07  Probe  
  54  10:15  Probe  
  54  10:18  Void Ray  
  59  10:25  Probe  
  60  10:34  Void Ray  
  64  10:37  Probe  
  65  10:45  Assimilator  
  65  10:49  Probe  
  66  10:56  Protoss Air Armor Level 1  
  66  11:06  Probe  
  67  11:14  Probe  
  68  11:22  Probe, Void Ray  
  73  11:33  Probe  
  69  12:43  Probe  
  70  12:55  Probe  
  70  12:57  Void Ray x2  
  70  12:58  Void Ray  
  83  13:02  Fleet Beacon  
  83  13:03  Photon Cannon  
  83  13:07  Probe  
  83  13:10  Pylon  
  84  13:33  Photon Cannon  
  60  14:39  Photon Cannon  
  60  14:42  Pylon  
Tags
 
Add a new tag
Caveats
  • Supply blocks, unpowered buildings, or Contaminate may cause inaccurate times.
  • Supply counts are checked every 10 seconds.